AoeStats
← VIT Liereyy

Arabian Desert

508651378Analyzed
1v1 RM · 9d ago on Sep 23, 2026· 23m 46s· 2 players
Game mode
Random Map
Map size
Tiny (2 player)
Population
200
Speed
Normal
Resources
Standard
Victory
Conquest
Starting age
Dark Age
Ending age
Imperial Age
RankedLock teamsTeams togetherTeam positionsShared explorationLock speedFull tech treeHidden civsTurbo modeCheats
Victory
Defeat
🇳🇴 Chinese · Norway
2867
+20
🇦🇹 Vietnamese · Austria
2956
-20
TAG_MbL_
0:25 Loom
8:42 Feudal Age
9:18 Double-Bit Axe
13:54 Horse Collar
21:19 Castle Age
21:21 Bloodlines
21:21 Fletching
21:32 Padded Archer Armor
22:11 Bodkin Arrow
21:37 Elite Skirmisher
23:53 Scale Barding Armor
VIT Liereyy
8:10 Loom
10:34 Feudal Age
11:00 Double-Bit Axe
10:58 Horse Collar
14:31 Fletching
17:20 Wheelbarrow
21:46 Castle Age
20:10 Gold Mining
21:04 Padded Archer Armor
21:48 Elite Skirmisher
22:23 Bodkin Arrow
22:40 Bow Saw
Connection lost

Rejoining the realm…

Still unreachable

The connection could not be restored.

Session expired

The server has moved on; the page needs a fresh start.